 Dungeon Crawl Stone Soup version 0.23.2-33-g5129a83184 (webtiles) character file.

Game seed: 890037108515027396

1338 MalarOregon the Summoner (level 8, -1/52 HPs)
             Began as a Merfolk Summoner on Aug 3, 2019.
             Was an Initiate of Gozag.
             Slain by an orc
             ... wielding a +0 spear
              (3 damage)
             ... in a bailey.
             The game lasted 00:24:14 (7370 turns).

MalarOregon the Summoner (Merfolk Summoner)         Turns: 7370, Time: 00:24:14

Health: -1/52      AC:  3    Str:  8    XL:     8   Next: 61%
Magic:  2/18       EV: 13    Int: 17    God:    Gozag
Gold:   270        SH:  0    Dex: 19    Spells: 4/20 levels left

rFire    . . .     SeeInvis .   F - +0 trident (venom)
rCold    . . .     Gourm    .   (no shield)
rNeg     . . .     Faith    .   a - +0 robe
rPois    +         Spirit   .   (no helmet)
rElec    .         Reflect  .   j - +0 cloak
rCorr    .         Harm     .   (no gloves)
MR       .....                  (no boots)
Stlth    ++........             (no amulet)
HPRegen  0.17/turn              u - ring of poison resistance (curse)
MPRegen  0.16/turn              b - +5 ring of dexterity

@: gold aura, very slightly contaminated
A: change form in water, swift swim, stealthy swim
a: Potion Petition, Call Merchant, Bribe Branch, Renounce Religion


You were in a bailey.
You worshipped Gozag.
Gozag was aware of your devotion.
You were not hungry.

You visited 2 branches of the dungeon, and saw 8 of its levels.
You also visited: Bailey.

You collected 378 gold pieces.
You paid 108 gold pieces to Gozag.

Inventory:

Hand Weapons
 C - a +2 spear of flaming
   (You took it off a gnoll on level 5 of the Dungeon)
 F - a +0 trident of venom (weapon)
   (You took it off a gnoll sergeant on level 6 of the Dungeon)
Armour
 a - a +0 robe (worn)
 j - a +0 cloak (worn)
   (You found it on level 2 of the Dungeon)
 G - a +0 buckler
   (You took it off a gnoll sergeant on level 6 of the Dungeon)
Magical Staves
 v - an uncursed staff of summoning
   (You found it on level 3 of the Dungeon)
 I - an uncursed staff of conjuration {unknown}
   (You found it on level 6 of the Dungeon)
Jewellery
 b - a +5 ring of dexterity (right hand)
   (You found it on level 3 of the Dungeon)
 h - a +2 amulet of reflection {unknown}
   (You found it on level 3 of the Dungeon)
 q - an uncursed ring of ice {unknown}
   (You found it on level 4 of the Dungeon)
 s - an uncursed ring of flight
   (You found it on level 2 of the Dungeon)
 u - a cursed ring of poison resistance (left hand)
   (You found it on level 3 of the Dungeon)
 w - a +2 ring of strength {unknown}
   (You found it on level 4 of the Dungeon)
 x - a +4 ring of protection {unknown}
   (You found it on level 5 of the Dungeon)
 E - an uncursed ring of protection from magic {unknown}
   (You found it on level 5 of the Dungeon)
Wands
 c - a wand of disintegration (6)
   (You found it on level 5 of the Dungeon)
Scrolls
 d - a scroll of magic mapping
 f - 2 scrolls of teleportation {@r4}
 i - 5 scrolls of identify {@r1}
 k - a scroll of enchant weapon
 y - 4 scrolls of remove curse {@r2}
 A - a scroll of amnesia
 D - a scroll of fog
 H - 2 scrolls of noise {unknown}
Potions
 g - a potion of mutation {unknown}
 l - a potion of haste {unknown}
 m - a potion of curing {@q1}
 n - 4 potions of heal wounds {unknown}
 o - 3 potions of lignification {unknown}
 p - 2 potions of agility {unknown}
 r - 3 potions of might {unknown}
 t - 2 potions of berserk rage
 z - a potion of degeneration {unknown}
 B - a potion of resistance {unknown}
Comestibles
 e - 10 rations {!d}


   Skills:
 - Level 2.6 Dodging
 - Level 2.1 Stealth
 + Level 6.9 Spellcasting
 + Level 8.3 Summonings


You had 4 spell levels left.
You knew the following spells:

 Your Spells              Type           Power        Failure   Level  Hunger
a - Summon Guardian Gole  Hex/Summ       ###.....     6%          3    ##.....
c - Call Canine Familiar  Summ           ####....     1%          3    ##.....
d - Summon Ice Beast      Ice/Summ       ###.....     22%         4    ####...
x - Call Imp              Summ           ####....     1%          2    None
z - Summon Lightning Spi  Summ/Air       ###.....     22%         4    ####...

Your spell library contained the following spells:

 Spells                   Type           Power        Failure   Level  Hunger
 Summon Small Mammal      Summ           ####         1%          1    None


Dungeon Overview and Level Annotations

Branches:
Dungeon (7/15)             Temple (1/1) D:6

Altars:
Ashenzari
Cheibriados
Dithmenos
Elyvilon
Fedhas
Gozag
Hepliaklqana
Kikubaaqudgha
Makhleb
Nemelex Xobeh
Okawaru
Qazlal
Ru
Sif Muna
Trog
Uskayaw
Vehumet
Xom
Yredelemnul
Zin
The Shining One

Annotations:
D:5 1 runed translucent door


Message History

The orc dies!
Attack whom?
Aim: an orc, wielding a +0 trident You reach to attack!
You closely miss the orc warrior.
The orc hits your wolf but does no damage.
Your crimson imp blinks!
Your crimson imp hits the orc warrior.
The orc warrior becomes distracted by the nearby gold, dreaming of imaginary riches.
Your iron imp hits the orc warrior.
The orc warrior is no longer distracted by gold.
The orc warrior shouts!
The orc barely misses you. The orc closely misses you.
Your wolf completely misses the orc warrior.
The orc barely misses you.
Your crimson imp closely misses the orc.
Your crimson imp misses the orc warrior.
Attack whom?
Aim: an orc warrior, wielding a +0 spear (moderately wounded)
You reach to attack!
You hit the orc warrior.
The orc warrior is poisoned.
Your wolf bites the orc warrior.
The orc closely misses your wolf.
The orc warrior hits you from afar with a +0 spear!
* * * LOW HITPOINT WARNING * * *
The orc barely misses you.
Your iron imp misses the orc warrior.
Your wolf bites the orc warrior.
The orc barely misses you.
The orc hits you from afar with a +0 trident.
* * * LOW HITPOINT WARNING * * *
Your crimson imp hits the orc.
The orc barely misses you.
Your crimson imp hits the orc warrior.
The orc warrior barely misses you. The orc barely misses your wolf.
Attack whom?
Aim: an orc, wielding a +0 halberd and wearing a +0 scale mail You reach to attack!
You hit the orc but do no damage. Your wolf misses the orc warrior.
Your wolf bites the orc warrior!
The orc warrior dies!
The orc hits you from afar with a cursed -2 halberd!
* * * LOW HITPOINT WARNING * * *
The orc closely misses you.
Your crimson imp hits the orc.
The orc closely misses you.
The orc hits you from afar with a +0 spear.
* * * LOW HITPOINT WARNING * * *
Your crimson imp hits the orc.
The orc hits your iron imp but does no damage.
The orc barely misses your wolf.
Your wolf bites the orc.
The orc dies!
Your crimson imp hits the orc.
Your iron imp hits the orc.
Your wolf bites the orc!
The orc dies!
The orc hits you from afar with a +0 spear.
You die...
Your body crumbles into a pile of gold.

############
##.5........#
#..o.........
#o$o.........
$$
#∩85......o..
$$
#@5h$......o.
$$
#..$......o..
##.∩........#
############


You could see 3 orcs, a friendly guardian golem, a friendly wolf, a friendly
iron imp and 2 friendly crimson imps.

Vanquished Creatures
  A bullfrog (D:6)
  A hound (D:4)
  An iguana (D:4)
  Natasha (D:3)
  A hound skeleton (D:5)
  An adder (D:4)
  A worm (D:5)
  A dart slug (D:1)
  3 leopard geckos
  An orc (D:3)
  A giant cockroach (D:2)
  9 goblins
  5 hobgoblins
  3 kobolds
  5 bats
  5 frilled lizards
  A quokka skeleton (D:4)
  8 rats
49 creatures vanquished.

Vanquished Creatures (collateral kills)
  Sigmund (D:3)
  2 ice beasts
  An orc warrior (Bailey)
  A phantom (D:4)
  6 ogres
  A bullfrog (D:6)
  A gnoll sergeant (D:6)
  A scorpion (D:5)
  4 wights (D:6)
  2 crimson imps
  3 hounds
  A human skeleton (D:5)
  An orc priest (D:3)
  2 jellies
  3 orc wizards
  Crazy Yiuf (D:3)
  Natasha (twice) (D:3)
  5 iguanas
  2 worker ants
  A hound zombie (D:6)
  A hound skeleton (D:6)
  11 gnolls
  13 adders
  A shadow imp (D:6)
  2 adder skeletons (D:4)
  2 worms
  14 orcs
  2 bats (D:2)
  2 giant cockroaches
  4 hobgoblins
  A quokka (D:6)
  A ball python skeleton (D:4)
  A frilled lizard (D:1)
  A goblin (D:3)
  3 kobolds
  2 rats
102 creatures vanquished.

Grand Total: 151 creatures vanquished

Notes
Turn   | Place    | Note
-------+----------+-------------------------------------------
     0 | D:1      | MalarOregon the Merfolk Summoner began the quest for the
                  | Orb.
     0 | D:1      | Reached XP level 1. HP: 13/13 MP: 3/3
    12 | D:1      | Noticed an electric eel
    12 | D:1      | Noticed an electric eel
    71 | D:1      | Reached XP level 2. HP: 14/19 MP: 5/5
   394 | D:1      | Learned a level 2 spell: Call Imp
   835 | D:1      | Reached XP level 3. HP: 24/24 MP: 6/6
  1328 | D:1      | Learned a level 3 spell: Call Canine Familiar
  1824 | D:2      | Reached XP level 4. HP: 30/30 MP: 4/8
  2223 | D:3      | Noticed Sigmund
  2224 | D:3      | Noticed Natasha
  2281 | D:3      | Killed Sigmund
  2281 | D:3      | Reached skill level 5 in Summonings
  2281 | D:3      | Reached XP level 5. HP: 31/35 MP: 1/10
  2320 | D:3      | Killed Natasha
  2494 | D:3      | Found a glowing golden altar of the Shining One.
  2724 | D:3      | Noticed Natasha
  2730 | D:3      | Killed Natasha
  2805 | D:3      | Noticed Natasha
  2811 | D:3      | Killed Natasha
  2872 | D:3      | Reached XP level 6. HP: 40/41 MP: 12/12
  3080 | D:3      | Found a runed translucent door.
  3081 | D:3      | Noticed Crazy Yiuf
  3322 | D:3      | Killed Crazy Yiuf
  3467 | D:4      | Learned a level 4 spell: Summon Lightning Spire
  3937 | D:4      | Noticed a phantom
  3971 | D:4      | Killed a phantom
  3971 | D:4      | Reached skill level 6 in Summonings
  4485 | D:4      | Found a snail-covered altar of Cheibriados.
  4575 | D:5      | Entered Level 5 of the Dungeon
  4591 | D:5      | Noticed an ice beast
  4783 | D:4      | Killed an ice beast
  4783 | D:4      | Reached XP level 7. HP: 32/46 MP: 10/14
  4909 | D:4      | Reached skill level 5 in Spellcasting
  5274 | D:5      | Found a runed translucent door.
  5274 | D:5      | Noticed a human
  5275 | D:5      | Found a basalt altar of Yredelemnul.
  5524 | D:5      | Reached skill level 7 in Summonings
  5743 | D:5      | Found a stormy altar of Qazlal.
  5744 | D:5      | Found a shimmering altar of Xom.
  5744 | D:5      | Found a sacrificial altar of Ru.
  6085 | D:6      | Learned a level 3 spell: Summon Guardian Golem
  6090 | D:6      | Learned a level 4 spell: Summon Ice Beast
  6094 | D:6      | Reached XP level 8. HP: 52/52 MP: 16/16
  6148 | D:6      | Found a sparkling altar of Nemelex Xobeh.
  6537 | D:6      | Found a staircase to the Ecumenical Temple.
  6601 | Temple   | Entered the Ecumenical Temple
  6720 | Temple   | Became a worshipper of Gozag Ym Sagoz the Greedy
  7022 | D:6      | Reached skill level 8 in Summonings
  7329 | D:7      | Found a flagged portal.
  7341 | Bailey   | Entered a bailey
  7369 | Bailey   | HP: 2/52 [orc/+0 spear (2)]
  7370 | Bailey   | Slain by an orc

Skill      XL: |  1  2  3  4  5  6  7  8 |
---------------+-------------------------+-----
Spellcasting   | 3 4 5 6 |  6.9
Summonings     | 5 6 7 8 |  8.3
Dodging        | |  2.6
Stealth        | |  2.1

Action                   |  1- 3 |  4- 6 |  7- 9 || total
-------------------------+-------+-------+-------++-------
Melee: Halberd           |    90 |       |       ||    90
       Trident           |     6 |    13 |     4 ||    23
       Staff             |       |    88 |    68 ||   156
 Cast: Summon Small Mamm |    10 |       |       ||    10
       Call Imp          |    11 |    16 |    12 ||    39
       Call Canine Famil |     1 |    26 |    30 ||    57
       Summon Guardian G |       |       |     1 ||     1
  Use: Scroll            |       |     8 |     1 ||     9
 Stab: Sleeping          |     3 |     4 |     1 ||     8
  Eat: Chunk             |     4 |     8 |     8 ||    20
       Ration            |       |     1 |     1 ||     2
Armor: Robe              |    20 |    25 |    16 ||    61
Dodge: Dodged            |    68 |    77 |    77 ||   222
